 Dungeon Crawl Stone Soup version 0.27-a0-1312-g5cdb2b3542 (webtiles) character file.

Game seed: 10394432266478071259

7 bilbop the Caller (level 1, -2/14 HPs)
             Began as a Mummy Summoner on June 20, 2021.
             Slain by Jessica (3 damage)
             ... on level 2 of the Dungeon.
             The game lasted 00:04:56 (1004 turns).

bilbop the Caller (Mummy Summoner)                  Turns: 1004, Time: 00:04:57

Health: -2/14      AC:  3    Str: 11    XL:     1   Next: 83%
Magic:  1/4        EV: 12    Int: 14    God:
Gold:   46         SH:  0    Dex: 12    Spells: 4/5 levels left

rFire    x . .     SeeInvis .   a - +0 short sword
rCold    + . .     Faith    .   (no shield)
rNeg     + + +     Spirit   .   d - +0 robe
rPois    ∞         Reflect  .   (no helmet)
rElec    .         Harm     .   (no cloak)
rCorr    +         Rampage  .   c - +0 pair of gloves
Will     .....                  (no boots)
Stlth    ++........             (no amulet)
HPRegen  0.04/turn              b - ring of resist corrosion
MPRegen  0.09/turn              (no ring)

@: no status effects
A: cold resistance 1, negative energy resistance 3, torment resistance 2, heat
vulnerability 1, no potions
a: no special abilities


You were on level 2 of the Dungeon.
You visited 1 branch of the dungeon, and saw 2 of its levels.

You collected 46 gold pieces.

Inventory:

Hand Weapons
 a - a +0 short sword (weapon)
Armour
 c - a +0 pair of gloves (worn)
 d - a +0 robe (worn)
Jewellery
 b - a ring of resist corrosion (left hand)
Scrolls
 e - a scroll of brand weapon {unknown}
 f - a scroll of teleportation {unknown}


   Skills:
 + Level 0.4 Fighting
 + Level 1.7 Dodging
 + Level 1.7 Stealth
 + Level 2.8 Spellcasting
 + Level 3.3 Summonings


You had 4 spell levels left.
You knew the following spells:

 Your Spells              Type           Power      Damage    Failure   Level
a - Summon Small Mammal   Summ           44%        N/A       5%          1

Your spell library contained the following spells:

 Spells                   Type           Power      Damage    Failure   Level
 Call Imp                 Summ           11%        N/A       9%          2
 Call Canine Familiar     Summ           11%        N/A       17%         3
 Summon Guardian Golem    Hex/Summ       6%         N/A       32%         3
 Summon Ice Beast         Ice/Summ       6%         N/A       73%         4
 Summon Lightning Spire   Summ/Air       6%         N/A       73%         4


Dungeon Overview and Level Annotations

Branches:
Dungeon (2/15)

Altars:

Shops:
D:1 [

Annotations:
D:2 Jessica, Natasha


Innate Abilities, Weirdness & Mutations

You are immune to poison.
Your flesh is cold resistant. (rC+)
You are immune to negative energy. (rN+++)
You are immune to unholy pain and torment.
You are vulnerable to heat. (rF-)
You do not drink.


Message History

Jessica points at you and mumbles some strange words.
Your quokka resists with significant effort.
Your quokka completely misses Jessica.
Natasha mumbles some strange words.
Your quokka barely misses Jessica.
Jessica hits your quokka with a +0 club.
Your quokka dies!
Your quokka's corpse disappears in a puff of smoke!
Your quokka bites Jessica.
The crimson imp hits your rat.
Your rat dies!
Your rat's corpse disappears in a puff of smoke!
Jessica says to your quokka, "Why did you come here?"
Jessica closely misses your quokka.
Your quokka bites Jessica but does no damage.
Jessica gestures at your quokka while chanting.
Your quokka writhes in agony.
Your quokka dies!
Your quokka's corpse disappears in a puff of smoke!
Jessica shouts!
Natasha stares at you and mumbles some strange words.
The magic dart hits you. The crimson imp barely misses you.
Jessica barely misses your bat.
You hit the crimson imp.
The crimson imp is lightly wounded.
Your bat barely misses Natasha.
Your bat closely misses the crimson imp.
The crimson imp hits you.
The crimson imp blinks!
Natasha claws you but does no damage.
You hit the crimson imp.
The crimson imp is moderately wounded.
Your bat hits Natasha. The crimson imp barely misses you.
Natasha barely misses you.
You hit the crimson imp.
The crimson imp is heavily wounded.
Your bat completely misses Jessica.
The crimson imp misses you.
Natasha stares at you and mumbles some strange words.
The magic dart hits you.
* * * LOW HITPOINT WARNING * * *
Jessica hits you with a +0 club.
You die...

.# ##.# ...# #..#
#..# #5.######
#h@b..... #@# #5#
#.################
#............(.>..
##################


You could see Natasha (ally target), 2 crimson imps, Jessica and a friendly bat
(summoned).

Vanquished Creatures
  A goblin (D:1)
  A rat (D:1)
2 creatures vanquished.

Vanquished Creatures (collateral kills)
  2 bats (D:1)
  An endoplasm (D:1)
  2 hobgoblins (D:1)
  A frilled lizard (D:1)
  A kobold (D:1)
  A rat (D:1)
8 creatures vanquished.

Grand Total: 10 creatures vanquished

Notes
Turn   | Place    | Note
-------+----------+-------------------------------------------
     0 | D:1      | bilbop the Mummy Summoner began the quest for the Orb.
     0 | D:1      | Reached XP level 1. HP: 13/13 MP: 4/4
   411 | D:1      | Found Reampo's Armour Shoppe.
   994 | D:2      | Noticed Jessica
   995 | D:2      | Noticed Natasha
   997 | D:2      | Noticed a crimson imp
   999 | D:2      | Noticed a crimson imp
  1004 | D:2      | Slain by Jessica

Illustrated notes

Levels and vault maps discovered:
D:1:      scummos_arrival_star, layout_loops_ring, serial_shops, shop,
          minmay_misc_feat_nine_boxes, grunt_decor_junction,
          minmay_misc_feat_rugged
D:2:      layout_loops_ring, serial_forest, infiniplex_forest_lined_room_3,
          infiniplex_forest_end_2, infiniplex_forest_lined_ring,
          infiniplex_forest_straight_5, infiniplex_forest_lined_room_,
          infiniplex_forest_clump_curved, ebering_dispersal_statue_hall,
          uniq_crazy_yiuf_cottage, uniq_natasha, uniq_jessica, uniq_terence,
          uniq_robin

Action                   || total
-------------------------++-------
Melee: Short sword       ||     9
 Cast: Summon Small Mamm ||    29
Armor: Robe              ||     5
Dodge: Dodged            ||    13

Table legend: (Time is in decaauts)
 A = Elapsed time spent in this place.
 B = Non-inter-level travel time spent in this place.
 C = Inter-level travel time spent in this place.
 D = Time resting spent in this place.
 E = Time spent auto-exploring this place.
 F = Levels seen in this place.
 G = Mean time per level.
                   A        B        C        D        E       F      G
               +--------+--------+--------+--------+--------+-----+--------+
         Total |   1003 |    963 |     40 |      0 |    854 |   2 |  501.5 |
       Dungeon |   1003 |    963 |     40 |      0 |    854 |   2 |  501.5 |
               +--------+--------+--------+--------+--------+-----+--------+

Top non-repeatable levels by time:
     D:1: 969 daAuts
     D:2: 33 daAuts
